 Dungeon Crawl Stone Soup version 0.29-a0-43-g62a80824bf (webtiles) character file.

Game seed: 15567027237350825020

14119 Crownlay the Thaumaturge (level 12, 0/95 HPs)
             Began as a Djinni Earth Elementalist on Feb 2, 2022.
             Was a Follower of Uskayaw.
             Slain by a purple ugly thing (8 damage)
             ... on level 13 of the Dungeon.
             The game lasted 00:26:22 (18610 turns).

Crownlay the Thaumaturge (DjEE)                    Turns: 18610, Time: 00:26:23

Health: 0/95       AC:  7    Str:  7    XL:     12   Next: 41%
Gold:   794        EV: 12    Int: 21    God:    Uskayaw [*.....] SH:  0 Dex: 15

rFire   + + .      SeeInvis .   M - +6 halberd (freeze)
rCold   x . .      Faith    .   (shield currently unavailable)
rNeg    . . .      Spirit   .   F - +0 steam dragon scales
rPois   ∞          Reflect  .   g - +0 helmet
rElec   .          Harm     .   (no cloak)
rCorr   .          Rampage  .   m - +0 pair of gloves
Will    ++...                   (boots unavailable)
Stlth   ++........              (no amulet)
HPRegen 0.25/turn               d - ring of willpower
MPRegen 0.00/turn               R - +4 ring of slaying

@: flying
A: sickness immunity, fire resistance 2, cold vulnerability 1, float, innate
caster, HP casting, extra vitality 1
a: Renounce Religion, Stomp


You were on level 13 of the Dungeon.
You worshipped Uskayaw.
Uskayaw was noncommittal.
You visited 2 branches of the dungeon, and saw 13 of its levels.

You collected 794 gold pieces.

Inventory:

Hand Weapons
 M - a +6 halberd of freezing (weapon)
Missiles
 j - 3 throwing nets
 o - 274 stones
Armour
 g - a +0 helmet (worn)
 m - a +0 pair of gloves (worn)
 F - +0 steam dragon scales (worn)
Jewellery
 d - a ring of willpower (left hand)
 l - a ring of see invisible
 v - a +6 ring of strength
 x - a ring of ice
 K - a ring of ice
 R - a +4 ring of slaying (right hand)
Wands
 c - a wand of polymorph (9)
 r - a wand of flame (83)
 u - a wand of iceblast (11)
 y - a wand of paralysis (17)
 C - a wand of charming (12)
Scrolls
 f - 6 scrolls of magic mapping
 i - 3 scrolls of fog
 p - a scroll of fear
 s - 4 scrolls of enchant armour
 t - a scroll of holy word
 w - 2 scrolls of immolation
 B - 4 scrolls of teleportation
 D - 2 scrolls of blinking
 I - a scroll of noise {unknown}
 L - a scroll of vulnerability {unknown}
 P - 2 scrolls of amnesia {unknown}
 Q - 2 scrolls of enchant weapon
 T - a scroll of silence {unknown}
Potions
 a - 2 potions of heal wounds
 b - a potion of flight {unknown}
 e - 2 potions of brilliance
 h - 3 potions of haste
 k - a potion of lignification {unknown}
 n - 6 potions of curing
 q - 2 potions of attraction
 z - 2 potions of berserk rage {unknown}
 A - a potion of might {unknown}
 E - a potion of invisibility {unknown}
 H - a potion of ambrosia {unknown}
 J - a potion of resistance
 N - a potion of mutation {unknown}
 S - 2 potions of degeneration
Miscellaneous
 G - a tin of tremorstones (2/2)


   Skills:
 + Level 12.0 Fighting
 - Level 2.1 Dodging
 - Level 1.5 Stealth
 - Level 12.0 Spellcasting


You had 11 spell levels left.
You knew the following spells:

 Your Spells              Type           Power      Damage    Failure   Level
a - Sandblast             Erth           100%       2d20      1%          1
b - Passwall              Tmut/Erth      48%        N/A       1%          2
c - Stone Arrow           Conj/Erth      100%       3d13      1%          3
d - Petrify               Tmut/Erth      58%        N/A       1%          4
e - Pain                  Necr           100%       1d9       1%          1
f - Corpse Rot            Necr/Air       100%       N/A       1%          2
g - Dazzling Flash        Conj/Hex       100%       N/A       1%          3
h - Frozen Ramparts       Ice            100%       1d12      1%          3
i - Iskenderun's Battles  Conj           58%        2d11      1%          5
Your spell library was empty.

Dungeon Overview and Level Annotations

Branches:
Dungeon (11/15)            Temple (1/1) D:7            Lair (0/6) D:10
    Orc: D:9-12

Altars:
Ashenzari
Cheibriados
Dithmenos
Elyvilon
Fedhas
Gozag
Hepliaklqana
Kikubaaqudgha
Makhleb
Nemelex Xobeh
Okawaru
Qazlal
Ru
Sif Muna
Trog
Uskayaw
Vehumet
Wu Jian
Xom
Yredelemnul
Zin
The Shining One

Shops:
D:1 *   D:3 *

Annotations:
D:6 2 runed translucent doors
D:11 3 runed translucent doors, r33k's ghost, journeyman MiFi


Innate Abilities, Weirdness & Mutations

You are immune to sickness and miasma.
You are immune to poison.
Your flesh is very heat resistant. (rF++)
You are vulnerable to cold. (rC-)
You float through the air rather than walking.
You learn spells naturally, not from books.
Your magical power is your life essence.
You have superior vitality. (+4 MHP)


Message History

Casting: Iskenderun's Battlesphere (dangerous; 1% risk of failure)
Confirm with . or Enter, or press ? or * to list all spells.
Aiming: Sandblast (safe; 1% risk of failure)
Press: ? - help, Shift-Dir - straight line, f - black bear
Aim: a black bear (asleep, 100% to hit)
The blast of sand hits the black bear!!
You kill the black bear!
o - 276 stones
* * * LOW HITPOINT WARNING * * *
Casting: Sandblast (safe; 1% risk of failure)
Confirm with . or Enter, or press ? or * to list all spells.
Aiming: Sandblast (safe; 1% risk of failure)
Press: ? - help, Shift-Dir - straight line, f - purple ugly thing
Aim: a purple ugly thing (asleep, 100% to hit)
The blast of sand hits the purple ugly thing!!
The purple ugly thing is moderately wounded.
The purple ugly thing gurgles horribly!
o - 275 stones
* * * LOW HITPOINT WARNING * * *
You can now pass through a line of other dancers.
Casting: Sandblast (safe; 1% risk of failure)
Confirm with . or Enter, or press ? or * to list all spells.
Aiming: Sandblast (safe; 1% risk of failure)
Press: ? - help, Shift-Dir - straight line, f/p - purple ugly thing
Aim: a purple ugly thing (moderately wounded, 84% to hit)
The blast of sand hits the purple ugly thing.
The purple ugly thing is moderately wounded.
o - 274 stones
* * * LOW HITPOINT WARNING * * *
The purple ugly thing bites you!
* * * LOW HITPOINT WARNING * * *
Casting: Sandblast (safe; 1% risk of failure)
Confirm with . or Enter, or press ? or * to list all spells.
Okay, then.
Okay, then.
You stomp with the beat, sending a shockwave through the revellers around you!
The purple ugly thing is heavily wounded.
You can no longer pass through a line of other dancers.
The purple ugly thing bites you!
You die...

##########
.# .# .#
#.# ..
##.######
#.u......
#@#
#........
#..######
.... #....
......
..#####
.##


You could see a purple ugly thing.

Vanquished Creatures
  3 tengu warriors
  The ghost of Crownlay the Geomancer, a novice OpEE (D:7)
  A wizard (D:10)
  Pikel (D:5)
  An ugly thing (D:7)
  A cyclops (D:13)
  Joseph (D:10)
  A gargoyle (D:11)
  4 centaur zombies
  An efreet (D:13)
  A tengu conjurer (D:13)
  2 trolls (D:8)
  3 shadows
  2 wyverns (D:10)
  2 fire bats (D:6)
  A wraith (D:13)
  2 humans (D:10)
  A vampire (D:10)
  2 steam dragons
  A yak (D:10)
  A basilisk (D:13)
  The ghost of RNPValinor the Chopper, an amateur PaFi (D:4)
  4 vampire mosquitoes
  Menkaure (D:7)
  Duvessa (D:5)
  2 orc warriors
  3 ice beasts
  A sky beast (D:6)
  A black bear (shapeshifter) (D:13)
  3 black bears
  2 ogres
  6 necrophages
  6 centaurs
  A phantom (D:4)
  A lemure (D:5)
  2 kobold brigands
  3 bullfrogs
  A gnoll sergeant (D:11)
  A water moccasin zombie (D:5)
  2 wyvern skeletons
  2 water moccasin skeletons
  Dowan (D:5)
  4 killer bees (D:10)
  11 wights
  A howler monkey (D:10)
  A human zombie (D:4)
  4 bullfrog zombies
  2 hounds
  A jelly (D:8)
  7 orc priests
  Jessica (D:3)
  A bullfrog skeleton (D:6)
  Natasha (thrice) (D:3)
  12 orc wizards
  A hound zombie (D:4)
  3 mummies (D:4)
  5 howler monkey zombies
  5 gnolls
  11 adders
  3 white imps
  An ufetubus (D:6)
  An adder zombie (D:4)
  A dart slug (D:5)
  26 orcs
  5 endoplasms
  A giant cockroach (D:1)
  7 goblins
  4 hobgoblins
  4 jackals (D:1)
  5 quokkas
  7 ball pythons
  9 bats
  2 frilled lizards
  13 kobolds
  3 rats
243 creatures vanquished.

Vanquished Creatures (others)
  A plant (D:11)
  2 withered plants (D:4)
3 creatures vanquished.

Grand Total: 246 creatures vanquished

Notes
Turn   | Place    | Note
-------+----------+-------------------------------------------
     0 | D:1      | Crownlay the Djinni Earth Elementalist began the quest for
                  | the Orb.
     0 | D:1      | Reached XP level 1. HP: 15/15 MP: 0/0
   191 | D:1      | Reached XP level 2. HP: 19/22 MP: 0/0
   309 | D:1      | Found a faded altar of an unknown god.
   347 | D:1      | Found Gocyufoq's General Store.
   357 | D:1      | Reached skill level 1 in Fighting
   718 | D:1      | Reached XP level 3. HP: 27/27 MP: 0/0
   718 | D:1      | Learned a level 1 spell: Pain
  1729 | D:2      | Reached XP level 4. HP: 30/33 MP: 0/0
  2276 | D:3      | Reached XP level 5. HP: 32/38 MP: 0/0
  2276 | D:3      | Learned a level 2 spell: Corpse Rot
  2276 | D:3      | Found Nunin's General Store.
  2717 | D:3      | Noticed Jessica
  2721 | D:3      | Killed Jessica
  2882 | D:3      | Reached XP level 6. HP: 32/45 MP: 0/0
  3105 | D:3      | Noticed Natasha
  3107 | D:3      | Killed Natasha
  3284 | D:3      | Noticed Natasha
  3288 | D:3      | Killed Natasha
  3936 | D:3      | Noticed Natasha
  3939 | D:3      | Killed Natasha
  4161 | D:4      | Found a runed translucent door.
  4162 | D:4      | Noticed RNPValinor's ghost (amateur PaFi)
  4473 | D:4      | Reached XP level 7. HP: 47/51 MP: 0/0
  4473 | D:4      | Learned a level 3 spell: Dazzling Flash
  4752 | D:4      | Reached skill level 5 in Spellcasting
  5341 | D:4      | Found a basalt altar of Yredelemnul.
  5392 | D:4      | Reached XP level 8. HP: 27/58 MP: 0/0
  5865 | D:4      | Reached skill level 5 in Fighting
  6236 | D:4      | Killed RNPValinor's ghost
  6408 | D:5      | Entered Level 5 of the Dungeon
  6449 | D:5      | Reached XP level 9. HP: 26/66 MP: 0/0
  6449 | D:5      | Learned a level 3 spell: Frozen Ramparts
  6778 | D:5      | Noticed Pikel
  6782 | D:5      | Noticed Dowan
  6784 | D:5      | Killed Pikel
  6791 | D:5      | Killed Dowan
  7335 | D:5      | Noticed Duvessa
  7339 | D:5      | Killed Duvessa
  7509 | D:5      | Found a snail-covered altar of Cheibriados.
  8426 | D:6      | Found a transporter.
  8611 | D:6      | Found a transporter.
  8833 | D:6      | Found a large runed translucent door.
  8836 | D:6      | Found a large runed translucent door.
  8843 | D:6      | Reached XP level 10. HP: 69/75 MP: 0/0
  9208 | D:6      | Found a large runed translucent door.
  9208 | D:6      | Found a large runed translucent door.
  9626 | D:6      | Found a burning altar of Makhleb.
 10831 | D:7      | Found a staircase to the Ecumenical Temple.
 10840 | Temple   | Entered the Ecumenical Temple
 11192 | Temple   | Became a worshipper of Uskayaw the Reveller
 11324 | D:7      | Noticed Menkaure
 11327 | D:7      | Killed Menkaure
 11327 | D:7      | Reached * piety under Uskayaw
 11510 | D:7      | Found a runed translucent door.
 11517 | D:7      | Noticed Crownlay's ghost (novice OpEE)
 11584 | D:7      | Reached skill level 10 in Spellcasting
 11585 | D:7      | Reached ** piety under Uskayaw
 11588 | D:7      | Reached *** piety under Uskayaw
 11884 | D:7      | Noticed a cyan ugly thing
 11895 | D:7      | Reached **** piety under Uskayaw
 11896 | D:7      | Killed a cyan ugly thing
 11897 | D:7      | Reached XP level 11. HP: 39/84 MP: 0/0
 11897 | D:7      | Learned a level 5 spell: Iskenderun's Battlesphere
 12124 | D:7      | Killed Crownlay's ghost
 12998 | D:8      | Found a broken altar of Ashenzari.
 14839 | D:9      | Noticed a tengu warrior
 14847 | D:9      | Reached ***** piety under Uskayaw
 14849 | D:9      | Killed a tengu warrior
 14850 | D:9      | Reached skill level 10 in Fighting
 15721 | D:10     | Entered Level 10 of the Dungeon
 15770 | D:10     | Found an iron altar of Okawaru.
 15826 | D:10     | Noticed Joseph
 15832 | D:10     | Killed Joseph
 15957 | D:10     | Found a staircase to the Lair.
 16000 | D:10     | Noticed a wizard
 16003 | D:10     | Killed a wizard
 17049 | D:10     | Reached XP level 12. HP: 80/92 MP: 0/0
 17520 | D:11     | Noticed r33k's ghost (journeyman MiFi)
 17520 | D:11     | Found a runed translucent gate.
 17521 | D:11     | Found a runed translucent gate.
 17522 | D:11     | Found a runed translucent gate.
 17708 | D:11     | You are sucked into a shaft and drop 2 floors!
 17937 | D:13     | Noticed a tengu warrior
 17946 | D:13     | Killed a tengu warrior
 18421 | D:13     | Noticed a tengu warrior
 18428 | D:13     | Killed a tengu warrior
 18596 | D:13     | Noticed a centaur warrior
 18605 | D:13     | HP: 1/95 [centaur warrior/arrow (10)]
 18610 | D:13     | Slain by a purple ugly thing

Illustrated notes

Levels and vault maps discovered:
D:1:      evilmike_arrival_hilbert_curve, layout_basic, basic_ecumenical_altar,
          serial_shops, nicolae_shop_trees, minmay_pentomino_q2
D:2:      layout_rooms, minmay_misc_feat_cross
D:3:      layout_loops_corners, serial_shops, nicolae_shop_crystal, minivault_5,
          uniq_natasha, uniq_jessica
D:4:      layout_layer_cave, lemuel_mausoleum_altar_yredelemnul,
          gammafunk_ghost_grave
D:5:      layout_loops_corners, lemuel_coloured_pillars_altar,
          minmay_diced_spiral, uniq_duvessa, uniq_pikel
D:6:      gammafunk_cloud_chamber, layout_loops_corners,
          mainiacjoe_overflow_alcove_4, minmay_hollow_rounded_squares
D:7:      layout_basic, minmay_temple_entry_arrows,
          hellmonk_ghost_happy_afterlife, grunt_ogre_cave, uniq_menkaure
D:8:      layout_rooms, mainiacjoe_overflow_chevrons
D:9:      layout_layer_cave
D:10:     layout_basic, nicolae_vehumet_altar_sigil, okawaru_humans,
          dpeg_oklobed_lair, kennysheep_generic_room_5, uniq_joseph
D:11:     layout_gridville, hiddenorc1_lemuel, serial_shops,
          nicolae_shop_overgrown_old_shop, biasface_ghost_orc_armoury,
          nicolae_trove_entry_isolated
D:13:     layout_loops_corners, david_vaults_1,
          nicolae_concentric_dashed_squares_mild, corner_web_ring
Temple:   nicolae_temple_elliptical

Skill      XL: |  1  2  3  4  5  6  7  8  9 10 11 12 |
---------------+-------------------------------------+-----
Fighting       | 1 2 3 4 5 7 9 10 12 | 12.0
Spellcasting   | 3 4 5 7 8 10 11 12 | 12.0
Dodging        | |  2.1
Stealth        | |  1.5

Action                   |  1- 3 |  4- 6 |  7- 9 | 10-12 || total
-------------------------+-------+-------+-------+-------++-------
Melee: Trident           |    35 |     2 |     1 |     1 ||    39
       Punch             |     1 |       |       |       ||     1
       Halberd           |       |       |       |    21 ||    21
 Cast: Sandblast         |    30 |    13 |    40 |    37 ||   120
       Stone Arrow       |     5 |    40 |   102 |   186 ||   333
       Corpse Rot        |       |       |     2 |       ||     2
       Dazzling Flash    |       |       |     1 |       ||     1
       Iskenderun's Batt |       |       |       |     9 ||     9
       Frozen Ramparts   |       |       |       |     1 ||     1
Invok: Stomp             |       |       |       |     1 ||     1
  Use: Scroll            |       |     5 |     2 |    10 ||    17
       Potion            |       |       |       |     1 ||     1
 Stab: Sleeping          |     3 |       |       |       ||     3
Armor: Robe              |    14 |     2 |    10 |     8 ||    34
       Steam dragon scal |       |       |       |    34 ||    34
Dodge: Dodged            |    27 |     7 |    23 |    79 ||   136

Table legend: (Time is in decaauts)
 A = Elapsed time spent in this place.
 B = Non-inter-level travel time spent in this place.
 C = Inter-level travel time spent in this place.
 D = Time resting spent in this place.
 E = Time spent auto-exploring this place.
 F = Levels seen in this place.
 G = Mean time per level.
                   A        B        C        D        E       F      G
               +--------+--------+--------+--------+--------+-----+--------+
         Total |  18630 |  17809 |    821 |    994 |  15031 |  13 | 1433.1 |
       Dungeon |  18430 |  17642 |    788 |    994 |  14900 |  12 | 1535.8 |
        Temple |    200 |    167 |     33 |      0 |    131 |   1 |  200.0 |
               +--------+--------+--------+--------+--------+-----+--------+

Top non-repeatable levels by time:
     D:4: 2296 daAuts
     D:6: 2253 daAuts
     D:3: 1958 daAuts
     D:7: 1820 daAuts
     D:5: 1790 daAuts
     D:8: 1778 daAuts
    D:10: 1659 daAuts
     D:9: 1477 daAuts
     D:1: 1226 daAuts
     D:2: 937 daAuts
    D:13: 901 daAuts
    D:11: 330 daAuts
  Temple: 200 daAuts
